Map: Dusk Towers

Players

DarKicE - Winner!

  • Race: Terran Terran
  • League: Grandmaster

SliderArt

  • Race: Terran Terran
  • League: Grandmaster

VOD

Have the link to the VOD?

Description

Time

  • Played on: March 18, 2016, 3:35 a.m.
  • Length: 15:17
Show
View Real Time Build Order
Export as new Build Order

DarKicE Terran - Winner!

Build Orders: Reaper Expand 

Get SALT Encoding   

  12  0:00  SCV  
  13  0:13  SCV  
  14  0:17  Supply Depot  
  14  0:25  SCV  
  15  0:39  Barracks, SCV  
  16  0:46  Refinery  
  16  0:51  SCV  
  17  1:03  SCV  
  18  1:15  SCV  
  19  1:27  Orbital Command  
  19  1:30  Reaper  
  20  1:42  Command Center  
  20  1:56  SCV  
  20  1:58  Supply Depot  
  21  2:02  Marine  
  22  2:11  SCV, Factory  
  23  2:23  SCV  
  23  2:27  Refinery  
  23  2:28  Barracks Reactor  
  24  2:35  SCV  
  25  2:47  SCV  
  26  2:54  Orbital Command  
  26  2:58  Starport  
  26  3:01  SCV  
  26  3:04  Marine x2  
  29  3:05  Widow Mine  
  31  3:13  SCV  
  32  3:22  Marine x2, SCV  
  32  3:25  SCV  
  36  3:34  SCV  
  36  3:36  Factory Tech Lab, Medivac  
  36  3:37  SCV  
  36  3:39  Supply Depot  
  39  3:42  Marine x2  
  39  3:46  SCV  
  42  3:49  SCV  
  42  3:54  Supply Depot  
  43  3:58  SCV  
  43  3:59  Marine x2  
  43  4:02  SCV  
  47  4:05  Siege Tank  
  47  4:06  Viking  
  52  4:10  SCV  
  52  4:13  Supply Depot  
  52  4:14  SCV  
  52  4:15  Refinery  
  54  4:17  Marine  
  54  4:22  SCV  
  54  4:23  Marine  
  57  4:26  SCV  
  58  4:34  SCV  
  58  4:38  SCV  
  60  4:41  Viking, Siege Tank  
  65  4:46  SCV  
  65  4:50  SCV  
  67  4:58  SCV  
  66  5:01  Refinery  
  66  5:02  SCV  
  66  5:03  Command Center  
  67  5:10  SCV  
  67  5:13  Barracks, Siege Tank  
  68  5:14  SCV  
  68  5:15  Barracks  
  68  5:17  Supply Depot  
  69  5:23  SCV  
  69  5:25  Starport Reactor  
  70  5:31  Supply Depot  
  70  5:34  Marine x2, SCV  
  73  5:36  SCV  
  74  5:46  SCV  
  74  5:49  SCV  
  76  5:59  SCV  
  77  6:04  SCV  
  77  6:06  Barracks Tech Lab x2  
  77  6:08  Barracks  
  77  6:10  Barracks, Engineering Bay, Siege Tank  
  77  6:11  SCV, Medivac x2, Engineering Bay  
  84  6:23  SCV x2  
  83  6:26  Supply Depot  
  83  6:27  Supply Depot  
  83  6:28  Marine x4  
  83  6:29  Orbital Command  
  87  6:41  Combat Shields  
  87  6:46  Marine x3  
  90  6:51  SCV  
  90  6:53  SCV, Supply Depot x2  
  92  6:55  Orbital Command  
  92  7:02  Marine, Barracks Reactor x2  
  92  7:04  Marine x2, Stimpack  
  92  7:08  SCV  
  96  7:11  Sensor Tower, Missile Turret  
  96  7:13  Missile Turret, Siege Tank  
  99  7:18  Terran Infantry Weapons Level 1  
  99  7:20  SCV  
  99  7:21  Terran Infantry Armor Level 1  
  100  7:30  SCV  
  100  7:31  SCV  
  100  7:32  Refinery, SCV  
  103  7:37  Marine x4  
  103  7:38  Marine  
  103  7:43  SCV x2  
  110  7:44  SCV  
  110  7:49  Supply Depot, Siege Tank  
  114  7:52  Refinery  
  114  7:54  Factory  
  114  7:55  SCV x2  
  114  7:56  SCV, Armory  
  114  7:57  Marine x4  
  114  7:58  Marine x2  
  122  7:59  Marine  
  123  8:07  SCV  
  123  8:08  Marine, SCV  
  126  8:14  Medivac  
  126  8:15  Marine x3  
  131  8:20  Marine  
  131  8:21  Marine x3  
  131  8:22  Siege Tank  
  131  8:25  Marine, Supply Depot x2  
  139  8:30  Supply Depot x2  
  139  8:32  Marine x2  
  139  8:33  Marine  
  142  8:39  Factory Tech Lab  
  142  8:42  Supply Depot  
  142  8:44  Supply Depot  
  142  8:46  Missile Turret  
  142  8:48  Medivac x2  
  146  8:49  Marine x4  
  146  8:50  Marine x4, Missile Turret  
  146  8:54  Siege Tank  
  156  9:07  Marine x5  
  156  9:08  Marine x2  
  157  9:16  Orbital Command  
  146  9:25  Marine x4  
  146  9:26  Marine x2  
  143  9:38  Marine  
  143  9:39  Marine  
  143  9:40  Siege Tank x2  
  143  9:43  Marine x4  
  143  9:44  SCV x3  
  143  9:45  Command Center  
  158  9:50  Medivac  
  158  9:51  Marine, Medivac  
  162  9:56  Marine x2  
  162  9:57  Marine  
  164  10:01  Marine  
  164  10:05  Marine x2  
  164  10:06  Marine  
  168  10:09  Marine  
  168  10:12  SCV, Terran Infantry Weapons Level 2, Terran Infantry Armor Level 2, Siege Tank x2  
  176  10:15  Terran Vehicle Weapons Level 1  
  176  10:16  SCV  
  177  10:22  Marine x4  
  177  10:23  Marine  
  182  10:30  Medivac  
  182  10:31  Medivac  
  182  10:33  Supply Depot  
  186  10:36  Marine x3  
  186  10:40  Marine, Missile Turret  
  186  10:42  Marine, Missile Turret  
  191  10:44  Siege Tank x2  
  197  10:54  Marine x3  
  197  10:56  Marine  
  200  10:57  Marine  
  200  11:11  Marine  
  200  11:12  Marine  
  199  11:28  Marine  
  174  11:33  Marine x3  
  162  11:41  Marine  
  162  11:42  Marine x3  
  162  11:46  Marine, Medivac, Siege Tank x2  
  162  11:47  Medivac  
  177  11:50  Marine x2  
  177  11:51  Marine  
  180  11:59  Marine x3, Barracks  
  180  12:00  Marine, Barracks  
  165  12:04  Marine  
  153  12:08  Marine x2  
  153  12:09  Marine  
  156  12:16  Medivac  
  156  12:17  Marine x4  
  156  12:18  Siege Tank x2  
  156  12:21  Marine  
  169  12:26  Marine x3  
  171  12:35  Marine x4  
  156  12:39  Marine  
  156  12:42  Medivac  
  156  12:44  Marine x3  
  145  12:46  Planetary Fortress  
  145  12:48  Barracks Reactor x2  
  145  12:50  Siege Tank x2  
  154  12:53  Marine x4  
  154  12:57  Marine  
  158  13:02  Marine x3  
  161  13:16  Marine x3  
  161  13:17  Marine x2  
  161  13:19  Marine x2  
  166  13:22  Siege Tank x2  
  166  13:24  Marine  
  166  13:25  Marine x4  
  179  13:34  Marine x4  
  183  13:43  Marine x7  
  189  13:48  Marine  
  189  13:52  Marine x2  
  192  13:57  Marine x2  
  192  13:58  Siege Tank  
  192  14:00  Marine x2  
  192  14:01  Marine  
  192  14:02  Marine, Medivac x2, Siege Tank  
  200  14:15  Marine x2  
  200  14:16  Marine x5  
  191  14:26  Marine x2  
  191  14:27  Command Center  
  191  14:31  Marine x2  
  182  14:32  Marine  
  182  14:33  Marine x2  
  173  14:40  Marine x2  
  175  14:46  Marine x4  
  175  14:47  Marine  
  175  14:48  Marine  
  175  14:49  Marine  
  175  14:50  Marine  
  183  14:58  Marine x2  
Show
View Real Time Build Order
Export as new Build Order

SliderArt Terran 

Build Orders: Liberator Opening, Reaper Expand, Bio Tank 

Get SALT Encoding   

  12  0:00  SCV  
  13  0:13  SCV  
  14  0:17  Supply Depot  
  14  0:25  SCV  
  15  0:39  SCV  
  15  0:40  Barracks  
  16  0:44  Refinery  
  16  0:51  SCV  
  17  1:03  SCV  
  18  1:15  SCV  
  19  1:28  Orbital Command, Reaper  
  20  1:44  Command Center  
  20  1:53  SCV  
  21  2:00  Supply Depot  
  21  2:06  Refinery, SCV, Barracks Reactor  
  22  2:18  SCV  
  23  2:28  Factory  
  22  2:43  Marine x2  
  24  2:44  SCV  
  25  2:56  Orbital Command, SCV  
  26  3:01  Marine x2  
  28  3:12  Starport, Factory Tech Lab  
  28  3:16  SCV  
  28  3:19  Marine x2  
  31  3:23  SCV  
  32  3:32  Liberator  
  32  3:34  SCV, Siege Tank  
  35  3:36  SCV  
  35  3:37  Refinery  
  35  3:38  Marine x2  
  39  3:44  Supply Depot  
  39  3:51  SCV x2  
  44  4:00  Marine  
  44  4:01  Marine  
  46  4:06  SCV x2  
  46  4:08  Supply Depot  
  48  4:10  Siege Tank  
  51  4:18  Marine, SCV x2  
  51  4:23  Supply Depot  
  54  4:29  Marine  
  54  4:30  SCV  
  55  4:42  Supply Depot x2  
  55  4:45  Barracks x2, SCV  
  55  4:55  SCV  
  57  5:00  SCV  
  57  5:08  Barracks Tech Lab, SCV  
  57  5:10  Supply Depot  
  57  5:13  Engineering Bay  
  58  5:14  SCV  
  58  5:17  Medivac x2  
  63  5:21  SCV  
  64  5:29  Stimpack  
  64  5:30  Marine, SCV  
  64  5:33  Barracks Reactor x2  
  66  5:38  SCV  
  66  5:41  Refinery  
  66  5:42  SCV  
  68  5:47  Medivac  
  68  5:49  Siege Tank  
  73  5:50  SCV  
  73  5:56  Marine  
  74  5:57  SCV  
  74  6:04  Command Center  
  75  6:09  Marine x3  
  75  6:10  Marine  
  79  6:13  Marine  
  75  6:19  SCV  
  75  6:22  Starport Reactor  
  76  6:27  Marine x2  
  76  6:29  Terran Infantry Weapons Level 1  
  76  6:31  Supply Depot  
  78  6:35  Barracks  
  78  6:36  Barracks  
  78  6:38  Marine  
  78  6:39  SCV, Siege Tank  
  83  6:41  Marine  
  83  6:46  Marine x2  
  85  6:47  SCV  
  85  6:53  SCV  
  87  6:55  Supply Depot  
  87  6:59  SCV  
  88  7:03  Marine  
  88  7:04  Marine x4  
  93  7:10  SCV  
  93  7:15  Medivac x2  
  98  7:18  Supply Depot  
  98  7:20  SCV  
  98  7:21  Marine  
  100  7:29  SCV, Factory  
  101  7:30  Combat Shields, Barracks Reactor  
  101  7:34  Marine x2  
  101  7:36  SCV  
  104  7:37  Engineering Bay  
  104  7:40  Barracks Reactor  
  104  7:43  Siege Tank  
  106  7:48  Orbital Command  
  106  7:50  SCV  
  107  7:51  Marine  
  108  7:58  Marine  
  108  7:59  Marine, SCV  
  108  8:05  Marine x2  
  111  8:07  Terran Infantry Armor Level 1  
  111  8:09  Armory  
  111  8:11  Marine x2  
  111  8:12  SCV  
  114  8:14  SCV, Supply Depot  
  115  8:24  Marine x3  
  118  8:30  Marine, SCV  
  118  8:32  Marine x2  
  118  8:33  Siege Tank  
  118  8:34  Factory Tech Lab  
  125  8:37  Refinery, SCV  
  125  8:40  Supply Depot  
  127  8:41  Marine, SCV  
  127  8:42  Marine x2, Supply Depot  
  127  8:45  Refinery  
  127  8:47  SCV  
  127  8:48  Medivac  
  133  9:01  Marine x2  
  133  9:02  SCV, Siege Tank  
  122  9:12  Marine x2  
  122  9:13  Marine, SCV  
  124  9:17  Marine x2, Siege Tank  
  124  9:22  SCV  
  128  9:24  Marine x2  
  128  9:25  Marine  
  128  9:26  SCV  
  128  9:28  Marine  
  128  9:30  Marine x2  
  128  9:31  Marine  
  116  9:32  Medivac x2  
  116  9:34  Marine, SCV, Siege Tank  
  116  9:35  Marine  
  116  9:36  SCV  
  116  9:38  SCV  
  124  9:41  Barracks  
  124  9:42  Marine x2, Barracks  
  124  9:43  Terran Vehicle Weapons Level 1  
  124  9:44  Terran Infantry Weapons Level 2  
  126  9:46  Marine x2, SCV  
  126  9:48  SCV  
  126  9:49  Siege Tank  
  133  10:06  Marine, Medivac x2, Siege Tank  
  133  10:07  Marine  
  141  10:16  Marine x2, SCV  
  141  10:18  Terran Infantry Armor Level 2, Factory  
  141  10:19  SCV  
  141  10:20  Marine, SCV  
  150  10:21  Marine, Supply Depot, Siege Tank  
  151  10:28  Barracks Reactor  
  151  10:30  Command Center  
  151  10:33  Marine x2  
  151  10:35  SCV, Barracks Reactor  
  154  10:38  Medivac  
  154  10:41  Medivac  
  157  10:44  Marine, SCV  
  157  10:47  Marine x2  
  161  10:51  SCV  
  161  10:57  Marine  
  162  10:59  Marine  
  162  11:01  SCV  
  162  11:04  Marine  
  165  11:07  Marine x2  
  164  11:12  Medivac x2  
  163  11:20  Marine x2  
  163  11:23  SCV  
  163  11:25  SCV  
  164  11:28  Siege Tank  
  164  11:30  Marine x2  
  157  11:38  Marine x5, Siege Tank  
  141  11:40  Marine x2  
  141  11:41  Marine x2, Factory Tech Lab  
  141  11:44  Terran Vehicle Weapons Level 2  
  144  11:48  Marine x2, SCV  
  144  11:49  Command Center  
  144  11:53  SCV  
  148  11:55  Marine  
  148  11:56  Marine x4  
  148  11:58  Marine x2  
  148  12:00  Siege Tank x2  
  148  12:01  Marine  
  147  12:04  Marine  
  147  12:05  Marine  
  147  12:06  Marine  
  146  12:10  Siege Tank  
  146  12:13  Marine x3  
  152  12:15  Marine x2  
  152  12:19  Marine x2  
  156  12:22  Marine  
  156  12:25  Marine  
  150  12:32  Siege Tank x2  
  150  12:36  Marine  
  130  12:37  Marine  
  130  12:38  Marine x2  
  130  12:40  Marine  
  130  12:42  Siege Tank  
  132  12:44  Marine  
  132  12:46  Marine  
  132  12:50  SCV  
  132  12:51  Refinery  
  135  12:52  Marine x4  
  135  12:54  Marine  
  140  12:58  Marine, SCV  
  140  12:59  Marine x3  
  140  13:04  SCV x2, Siege Tank  
  140  13:05  Marine x2  
  152  13:09  Marine  
  152  13:10  Marine, SCV  
  155  13:14  Marine  
  155  13:16  SCV  
  155  13:17  Marine  
  157  13:31  Marine  
  157  13:32  Marine  
  146  13:43  Marine  
  146  13:44  Marine x3  
  136  13:50  Marine x2  
  136  13:51  SCV  
  136  13:53  Marine x2  
  137  13:57  Marine x2  
  137  14:00  Marine  
  137  14:01  Marine  
  128  14:05  Marine x2  
  125  14:14  Marine  
  125  14:17  Marine x2, Siege Tank  
  106  14:21  Marine  
  109  14:28  Marine  
  109  14:30  Marine x2  
  102  14:37  Marine x2  
  103  14:43  Marine  
Tags
 
Add a new tag
Caveats
  • Supply blocks, unpowered buildings, or Contaminate may cause inaccurate times.
  • Supply counts are checked every 10 seconds.